 Dungeon Crawl Stone Soup version 0.27-a0-29-g2d0a2396b0 (webtiles) character file.

Game seed: 9158019106641283242

173 hehateme the Vexing (level 5, -4/30 HPs)
             Began as a Kobold Enchanter on Jan 4, 2021.
             Was a Follower of Sif Muna.
             Slain by an ogre
             ... wielding a +0 giant spiked club
              (17 damage)
             ... on level 4 of the Dungeon.
             The game lasted 00:08:35 (5883 turns).

hehateme the Vexing (Kobold Enchanter)              Turns: 5883, Time: 00:08:35

Health: -4/30      AC:  3    Str:  7    XL:     5   Next: 83%
Magic:  4/8        EV: 15    Int: 16    God:    Sif Muna [*.....]
Gold:   213        SH:  0    Dex: 15    Spells: 5/8 levels left

rFire    . . .     SeeInvis .   a - +1 dagger
rCold    . . .     Faith    .   (shield restricted)
rNeg     . . .     Spirit   .   b - +1 robe
rPois    .         Reflect  .   (no helmet)
rElec    .         Harm     .   (no cloak)
rCorr    .         Rampage  .   (no gloves)
Will     .....                  (no boots)
Stlth    ++++......             (no amulet)
HPRegen  0.10/turn              (no ring)
MPRegen  0.11/turn              (no ring)

@: very slightly contaminated
A: small, nightstalker 3
a: Renounce Religion, Channel Magic


You were on level 4 of the Dungeon.
You worshipped Sif Muna.
Sif Muna was aware of your devotion.
You visited 1 branch of the dungeon, and saw 4 of its levels.

You collected 213 gold pieces.

Inventory:

Hand Weapons
 a - a +1 dagger (weapon)
Missiles
 g - 32 sling bullets
 h - 6 boomerangs
 j - 139 stones (quivered)
 o - 8 poisoned darts
 Q - 89 arrows
Armour
 b - a +1 robe (worn)
Jewellery
 p - an uncursed ring of positive energy {unknown}
Scrolls
 d - 3 scrolls of remove curse {unknown}
 e - a scroll of teleportation {unknown}
 i - 4 scrolls of identify
 l - 3 scrolls of magic mapping {unknown}
 r - a scroll of noise {unknown}
Potions
 c - a potion of degeneration {unknown}
 f - 2 potions of attraction {!q}
 k - 2 potions of flight {unknown}
 m - a potion of resistance {unknown}
 s - a potion of brilliance {unknown}
 t - a potion of haste {unknown}
 u - a potion of might {unknown}
 v - a potion of curing {unknown}


   Skills:
 + Level 2.2 Fighting
 - Level 1.3 Short Blades
 - Level 2.4 Dodging
 - Level 4.0 Stealth
 - Level 2.1 Spellcasting
 * Level 4.4 Hexes
 * Level 3.1 Ice Magic


You had 5 spell levels left.
You knew the following spells:

 Your Spells              Type           Power        Failure   Level
a - Ensorcelled Hibernat  Hex/Ice        26%          7%          2
v - Corona                Hex            16%          3%          1

Your spell library contained the following spells:

 Spells                   Type           Power        Failure   Level
 Confusing Touch          Hex            15%          10%         3
 Tukima's Dance           Hex            15%          10%         3
 Dazzling Flash           Conj/Hex       16%          24%         3


Dungeon Overview and Level Annotations

Branches:
Dungeon (4/15)
 Temple: D:4-7

Altars:
Ashenzari
Elyvilon
Gozag
Makhleb
Qazlal
Ru
Sif Muna
Zin

Annotations:
D:3 exclusion: downstairs
D:4 Pikel


Innate Abilities, Weirdness & Mutations

You are small and have problems with some larger weapons.
You are completely attuned to the shadows.


Message History

There is a stone staircase leading up here.
Here: an ogre, wielding a +0 giant spiked club (asleep)
The floor.
The helpless ogre fails to defend itself.
You puncture the ogre!
Aim: an ogre, wielding a +0 giant spiked club (heavily wounded, chance to affect: 44%)
The ogre resists with some effort.
The ogre hits you with a +0 giant spiked club!
Ouch! That really hurt!
* * * LOW HITPOINT WARNING * * *
You take 17 damage, and have 13/30 hp.
GAME OVER YEAH!!
You now have 6/8 mp.
Aim: an ogre, wielding a +0 giant spiked club (heavily wounded, chance to affect: 44%)
You miscast Ensorcelled Hibernation.
You are very lightly contaminated with residual magic.
Nothing appears to happen.
The ogre hits you with a +0 giant spiked club!
Ouch! That really hurt!
You die...

.........# .........#
.........# .........#
........## .<......##
K........#####
.............######
...............O@.####
...........####...<..#
...........# ####.....
...........## ######
............##
.............###
...............#####
...................#
..#.#########....###

Skill      XL: |  1  2  3  4  5 |
---------------+----------------+-----
Ice Magic      | 1 2 3 |  3.1
Fighting       | 1 2 |  2.2
Hexes          | 4 |  4.4
Short Blades   | |  1.3
Dodging        | |  2.4
Stealth        | |  4.0
Spellcasting   | |  2.1

Notes
Turn   | Place    | Note
-------+----------+-------------------------------------------
     0 | D:1      | hehateme the Kobold Enchanter began the quest for the Orb.
     0 | D:1      | Reached XP level 1. HP: 10/10 MP: 3/3
   299 | D:1      | Reached XP level 2. HP: 16/16 MP: 5/5
   305 | D:1      | Reached skill level 1 in Ice Magic
   951 | D:1      | Learned a level 2 spell: Ensorcelled Hibernation
  1168 | D:1      | Reached skill level 1 in Fighting
  1168 | D:1      | Reached XP level 3. HP: 20/20 MP: 6/6
  1961 | D:2      | Found a shimmering blue altar of Sif Muna.
  1966 | D:2      | Became a worshipper of Sif Muna the Loreminder
  2085 | D:2      | Found a sacrificial altar of Ru.
  2128 | D:2      | Found a stormy altar of Qazlal.
  2133 | D:2      | Found a white marble altar of Elyvilon.
  2140 | D:2      | Found a broken altar of Ashenzari.
  2358 | D:3      | Reached skill level 2 in Ice Magic
  2358 | D:3      | Reached XP level 4. HP: 18/25 MP: 2/7
  3177 | D:3      | Found a burning altar of Makhleb.
  3179 | D:3      | Found a glowing silver altar of Zin.
  3179 | D:3      | Noticed a cacodemon
  3182 | D:3      | Reached * piety under Sif Muna
  3195 | D:3      | Reached skill level 4 in Hexes
  3648 | D:3      | Reached XP level 5. HP: 24/30 MP: 8/8
  3716 | D:3      | Reached skill level 2 in Fighting
  3918 | D:3      | Found an opulent altar of Gozag.
  4077 | D:3      | Reached skill level 3 in Ice Magic
  4111 | D:4      | Noticed an ogre
  5012 | D:4      | Noticed a lemure
  5014 | D:4      | Noticed Pikel
  5017 | D:4      | Noticed a lemure
  5022 | D:4      | Noticed a lemure
  5081 | D:3      | Killed a lemure
  5287 | D:4      | Noticed a lemure
  5320 | D:3      | Killed a lemure
  5502 | D:3      | HP: 7/30 [frilled lizard (3)]
  5883 | D:4      | Slain by an ogre

Table legend: (Time is in decaauts)
 A = Elapsed time spent in this place.
 B = Non-inter-level travel time spent in this place.
 C = Inter-level travel time spent in this place.
 D = Time resting spent in this place.
 E = Time spent auto-exploring this place.
 F = Levels seen in this place.
 G = Mean time per level.
                   A        B        C        D        E       F      G
               +--------+--------+--------+--------+--------+-----+--------+
         Total |   5875 |   5697 |    178 |   2103 |   2821 |   4 | 1468.8 |
       Dungeon |   5875 |   5697 |    178 |   2103 |   2821 |   4 | 1468.8 |
               +--------+--------+--------+--------+--------+-----+--------+

Top non-repeatable levels by time:
     D:3: 2275 daAuts
     D:1: 1618 daAuts
     D:4: 1008 daAuts
     D:2: 973 daAuts

Table legend:
 A = Kills in this place as a percentage of kills in entire the game.
 B = Kills by you in this place as a percentage of kills by you in the entire game.
 C = Kills by friends in this place as a percentage of kills by friends in the entire game.
 D = Other kills in this place as a percentage of other kills in the entire game.
 E = Experience gained in this place as a percentage of experience gained in the entire game.
 F = Experience gained in this place divided by the number of levels of this place that you have seen.
                   A       B       C       D       E      F
               +-------+-------+-------+-------+-------+----------------------
         Total | 100.0 | 100.0 |   N/A |   N/A | 100.0 |  62.0
       Dungeon | 100.0 | 100.0 |   N/A |   N/A | 100.0 |  62.0
               +-------+-------+-------+-------+-------+----------------------

Action                   |  1- 3 |  4- 6 || total
-------------------------+-------+-------++-------
Melee: Dagger            |   105 |    84 ||   189
Throw: Stone             |       |     5 ||     5
 Cast: Ensorcelled Hiber |     4 |    26 ||    30
  Use: Scroll            |       |     3 ||     3
 Stab: Sleeping          |    21 |    30 ||    51
Armor: Robe              |    15 |     6 ||    21
Dodge: Dodged            |    81 |    57 ||   138

Vanquished Creatures
  2 lemures (D:3)
  An orc priest (D:3)
  An orc wizard (D:3)
  3 adders
  An adder skeleton (D:4)
  A worm (D:3)
  5 dart slugs
  A leopard gecko (D:3)
  7 orcs
  A ball python (D:3)
  7 bats
  3 giant cockroaches
  8 goblins
  3 hobgoblins (D:1)
  4 jackals
  6 kobolds
  A quokka (D:3)
  6 frilled lizards
  8 rats
69 creatures vanquished. You could see an ogre.

Levels and vault maps discovered:
D:1:      dpeg_arrival_simpleton_a, layout_basic
D:2:      layout_rooms, led_sif_pool, minmay_overflow_temple_star_quad,
          lemuel_doored_altar, st_stairs_7
D:3:      layout_loops_ring, grunt_temple_overflow_order_and_chaos_2,
          lemuel_round_altar, st_stairs_8
D:4:      layout_cave_pods, kennysheep_mini_moat, serial_column_ruins,
          column_ruins_hut_water, column_ruins_columns_straight,
          column_ruins_grid_2, column_ruins_grid_3,
          corexii_item_surrounded_by_moat, uniq_pikel
